 Dungeon Crawl Stone Soup version 0.21-a0-286-g6fcecc0 (webtiles) character file.

83 Ijustatesigmund the Skirmisher (level 4, 0/33 HPs)
             Began as an Octopode Fighter on Sept 26, 2017.
             Succumbed to a kobold's poison
             ... on level 2 of the Dungeon.
             The game lasted 00:02:50 (2266 turns).

Ijustatesigmund the Skirmisher (Octopode Fighter)   Turns: 2266, Time: 00:02:50

Health: 0/33       AC:  1    Str: 17    XL:     4   Next: 44%
Magic:  4/4        EV: 11    Int: 10    God:
Gold:   114        SH:  9    Dex: 12    Spells: 3/3 levels left

rFire    . . .     SeeInvis .   a - +0 flail
rCold    . . .     Gourm    .   b - +0 shield
rNeg     + . .     Faith    .   (helmet restricted)
rPois    .         Spirit   .   (no amulet)
rElec    .         Reflect  .   h - ring of positive energy
rCorr    .         Harm     .   (no ring)
MR       .....                  (no ring)
Stlth    ++........             (no ring)
HPRegen  0.11/turn              (no ring)
MPRegen  0.09/turn              (no ring)
                                (no ring)
                                (no ring)

@: lethally poisoned (0 -> -21)
A: almost no armour, stealthy swim, amphibious, 8 rings, constrict 8, antennae
1, beak, camouflage 1, strong 1, gelatinous body 1
a: no special abilities


You were on level 2 of the Dungeon.
You were not hungry.

You visited 1 branch of the dungeon, and saw 3 of its levels.

You collected 114 gold pieces.

Inventory:

Hand Weapons
 a - a +0 flail (weapon)
Armour
 b - a +0 shield (worn)
Jewellery
 h - a ring of positive energy (left tentacle)
Wands
 m - a wand of iceblast (8/15)
Scrolls
 g - a scroll of identify
 i - a scroll of remove curse
 n - a scroll of enchant armour {unknown}
 p - a scroll of recharging
Potions
 c - 3 potions of might
 e - a potion of lignification
 f - 2 potions of flight
 k - a potion of curing {unknown}
Comestibles
 d - 3 bread rations
 l - a chunk of flesh
 o - a royal jelly
 q - a meat ration


   Skills:
 + Level 4.0 Fighting
 + Level 3.4 Maces & Flails
 - Level 3.0 Dodging
 + Level 3.2 Shields


You had 3 spell levels left.
You didn't know any spells.

Dungeon Overview and Level Annotations

Branches:
Dungeon (3/15)

Altars:

Annotations:
D:3 Ijustatesigmund's ghost, amateur OpFi


Innate Abilities, Weirdness & Mutations

You cannot wear most types of armour.
You are very stealthy in the water. (Stealth+)
You are amphibious.
You can wear up to eight rings at the same time.
You can use your tentacles to constrict eight enemies at once.
Your skin changes colour to match your surroundings (Stealth+).
Your rubbery body absorbs attacks. (AC +1, EV +1)
You have a pair of small antennae on your head.
You have a beak for a mouth.
Your muscles are strong. (Str +2)


Message History

There is an escape hatch in the ceiling here.
The kobold hits you with a short sword of venom.
* * * LOW HITPOINT WARNING * * *
You are lethally poisoned!
Ijustatesigmund's ghost barely misses you.
A mysterious force pulls you upwards. The hatch slams shut behind you.
* * * LOW HITPOINT WARNING * * *
You feel sick.
It was a potion of mutation.
You feel extremely strange.
You feel stronger.
Your mouth lengthens and hardens into a beak!
A pair of antennae grows on your head!
* * * LOW HITPOINT WARNING * * *
You feel sick.
The kobold hits you with a short sword of venom.
* * * LOW HITPOINT WARNING * * *
You are more poisoned.
You hit the kobold but do no damage. You grab the kobold. You peck the kobold.
You kill the kobold!
You die...

##'#'######......# ##.# #....
.....# ##.....# #.## #..## .....#
#.....# #..# #).# .....# #.....#
##.###..# .....# #.....# #..##..#
.....# #.....# ##.##..# ##'#.#
#.....# #..#..# #.#.# #.....#
###'#..##
#.#.#######.(..@########........
#.#.......(((..)'......'........
#.#.#####.#.....########........
#.#.# ###.#.....# ####...##
##.#.###...####### ##..#
...#...........##############..#
...#...........+..............>#
...#...........##############..##
...#...........# #..........


There were no monsters in sight!

Vanquished Creatures
  3 adders
  A dart slug (D:1)
  2 leopard geckos
  A ball python (D:1)
  4 giant cockroaches
  4 goblins
  5 hobgoblins
  6 jackals (D:1)
  A quokka (D:2)
  6 bats
  2 frilled lizards
  9 kobolds
  5 rats
49 creatures vanquished.

Notes
Turn   | Place    | Note
-------+----------+-------------------------------------------
     0 | D:1      | Ijustatesigmund the Octopode Fighter began the quest for the Orb.
     0 | D:1      | Reached XP level 1. HP: 16/16 MP: 1/1
    91 | D:1      | Reached XP level 2. HP: 18/21 MP: 2/2
   833 | D:1      | Reached XP level 3. HP: 26/26 MP: 3/3
  2152 | D:3      | Reached XP level 4. HP: 33/33 MP: 4/4
  2164 | D:3      | Reached skill level 4 in Fighting
  2246 | D:3      | Noticed Ijustatesigmund's ghost (amateur OpFi)
  2265 | D:2      | Gained mutation: Your muscles are strong. (Str +2) [potion of mutation]
  2265 | D:2      | Gained mutation: You have a beak for a mouth. [potion of mutation]
  2265 | D:2      | Gained mutation: You have a pair of small antennae on your head. [potion of mutation]
  2265 | D:2      | HP: 1/33 [kobold/short sword of venom (4)]
  2266 | D:2      | Succumbed to a kobold's poison

Vault maps used:
D:1:      lemuel_arrival_rhombus
D:3:      kennysheep_the_goblin_king

Skill      XL: |  1  2  3  4 |
---------------+-------------+-----
Maces & Flails | 3 |  3.4
Fighting       | 4 |  4.0
Dodging        | |  3.0
Shields        | |  3.2

Action                   |  1- 3 |  4- 6 || total
-------------------------+-------+-------++-------
Melee: Flail             |    84 |    19 ||   103
       Constrict         |    20 |     8 ||    28
       Tentacles         |    13 |     3 ||    16
       Peck              |       |     1 ||     1
  Use: Scroll            |     4 |       ||     4
       Potion            |       |     1 ||     1
 Stab: Sleeping          |     3 |       ||     3
  Eat: Chunk             |     3 |     1 ||     4
Armor: Skin              |    10 |     2 ||    12
Dodge: Dodged            |    49 |    15 ||    64
Block: Shield            |    49 |     5 ||    54

Table legend:
 A = Spawn XP
 B = Non-spawn XP
 C = Spawn XP percentage of total XP
 D = Spawn monster count
 E = Non-spawn monster count
 F = Spawn count percentage of total count
 G = Total turns spent on level
                    A         B        C        D         E        F      G
               +---------+---------+-------+---------+---------+-------+---------
         Total |       0 |     119 |   0.0 |       0 |      49 |   0.0 |  2266
               +---------+---------+-------+---------+---------+-------+---------
           D:1 |       0 |      39 |   0.0 |       0 |      21 |   0.0 |  1079
           D:2 |       0 |      39 |   0.0 |       0 |      18 |   0.0 |  1065
           D:3 |       0 |      41 |   0.0 |       0 |      10 |   0.0 |   122
               +---------+---------+-------+---------+---------+-------+---------
